 Dungeon Crawl Stone Soup version 0.29.0-11-gd7f09526c8 (webtiles) character file.

Game seed: 2880107504193248612

3754 pacmanke6689 the Cleaver (level 10, -2/71 HPs)
             Began as a Formicid Fighter on Sept 6, 2022.
             Was a Follower of Hepliaklqana.
             Killed from afar by an acid dragon (19 damage)
             ... with a splash of acid
             ... on level 8 of the Dungeon.
             The game lasted 00:19:25 (6645 turns).

pacmanke6689 the Cleaver (Formicid Fighter)         Turns: 6645, Time: 00:19:25

Health: -2/71      AC:  9    Str: 22    XL:     10   Next: 37%
Magic:  13/13      EV: 11    Int:  9    God:    Hepliaklqana [*.....]
Gold:   313        SH:  6    Dex: 15    Spells: 12/13 levels left

rFire   . . .      SeeInvis +   b - +2 broad axe (vamp)
rCold   . . .      Faith    .   c - +0 buckler
rNeg    . . .      Spirit   .   j - +1 steam dragon scales
rPois   .          Reflect  .   (helmet unavailable)
rElec   .          Harm     .   l - scarf {shadows}
rCorr   .          Rampage  .   (no gloves)
Will    +....                   g - +1 pair of boots
Stlth   ++........              o - amulet of regeneration
HPRegen 1.01/turn               (no ring)
MPRegen 0.13/turn               (no ring)

@: no status effects
A: reduced essence, permanent stasis, dig shafts and tunnels, antennae 3, four
strong arms
a: Dig, Shaft Self, Renounce Religion, Recall Ancestor, Ancestor Identity


You were on level 8 of the Dungeon.
You worshipped Hepliaklqana.
Hepliaklqana was aware of your devotion.
You visited 2 branches of the dungeon, and saw 9 of its levels.

You collected 599 gold pieces.
You spent 286 gold pieces at shops.

Inventory:

Hand Weapons
 a - a +1 war axe of venom
 b - a +2 vampiric broad axe (weapon)
Armour
 c - a +0 buckler (worn)
 g - a +1 pair of boots (worn)
 i - a +2 ring mail of poison resistance
 j - +1 steam dragon scales (worn)
 l - a scarf of shadows (worn)
Jewellery
 o - an amulet of regeneration (around neck)
Wands
 d - a wand of flame (50)
 k - a wand of quicksilver (10)
 s - a wand of paralysis (9)
Scrolls
 t - a scroll of fear
Potions
 f - a potion of flight {unknown}
 h - 2 potions of cancellation
 m - 2 potions of degeneration
 n - 2 potions of brilliance {unknown}
 p - 3 potions of heal wounds {unknown}
 q - 3 potions of lignification {unknown}
 r - 2 potions of resistance {unknown}


   Skills:
 + Level 7.2 Fighting
 + Level 10.5 Axes
 + Level 6.4 Armour
 + Level 2.7 Stealth
 + Level 7.4 Shields
 + Level 2.1 Spellcasting
 + Level 1.1 Transmutations
 + Level 2.0 Poison Magic


You had 12 spell levels left.
You knew the following spells:

 Your Spells              Type           Power      Damage    Failure   Level
a - Sting                 Tmut/Pois      12%        1d3       21%         1

Your spell library contained the following spells:

 Spells                   Type           Power      Damage    Failure   Level
 Spider Form              Tmut/Pois      3%         N/A       52%         3
 Corpse Rot               Necr/Pois/Air  2%         N/A       96%         4


Dungeon Overview and Level Annotations

Branches:
Dungeon (8/15)             Temple (1/1) D:6
   Lair: D:8-11

Altars:
Ashenzari
Cheibriados
Dithmenos
Fedhas
Hepliaklqana
Kikubaaqudgha
Makhleb
Nemelex Xobeh
Okawaru
Qazlal
Ru
Trog
Uskayaw
Vehumet
Wu Jian
Xom
Yredelemnul
Zin
The Shining One

Shops:
D:5 *   D:7 *


Innate Abilities, Weirdness & Mutations

Your life essence is reduced to manifest your ancestor. (-10% HP)
You cannot be hasted, slowed, berserked, paralysed or teleported.
You can dig through walls and to a lower floor.
You have a pair of large antennae on your head. (SInv)
Your four strong arms can wield two-handed weapons with a shield.


Message History

Servia hits the acid dragon but does no damage.
You hit the acid dragon.
You feel better.
The acid dragon is moderately wounded.
The acid dragon barely misses you. The acid dragon closely misses you.
Servia hits the acid dragon.
You barely miss the acid dragon.
The acid dragon is moderately wounded.
The acid dragon misses you. The acid dragon claws you.
Servia barely misses the acid dragon.
You completely miss the acid dragon.
The acid dragon is moderately wounded.
The acid dragon spits acid at you. The splash of acid hits you!!
* * * LOW HITPOINT WARNING * * *
Servia hits the acid dragon!
The acid dragon barely misses you. x2
An orc comes into view. It is wielding a +0 dagger.
You hear a shout! x2
Your magical effects are unravelling.
You feel magically purged.
You are no longer corroded.
Servia hits the acid dragon but does no damage.
The acid dragon bites you.
* * * LOW HITPOINT WARNING * * *
The acid dragon claws you but does no damage.
You closely miss the acid dragon.
The acid dragon is severely wounded.
Servia hits the acid dragon.
The acid dragon bites you!
* * * LOW HITPOINT WARNING * * *
The acid dragon claws you.
* * * LOW HITPOINT WARNING * * *
Unknown command.
You feel better.
Servia hits the acid dragon but does no damage.
The acid dragon bites you but does no damage.
The acid dragon misses you.
You feel better.
Servia hits the acid dragon but does no damage.
The acid dragon spits acid at you. The splash of acid hits you!!
You die...

{ #.{. #..o #...
#...### ###
###...#.##########..##
......#@..............
.....oDR..............
......#####...........
###### ####.....##
###...## ###.R...##
#### ##........##
###..## ##..........##
#.....####
###..........<.#


You could see the friendly Servia the ancestor, an acid dragon (catching breath,
ally target) and an orc.

Vanquished Creatures
  Maggie (D:6)
  Prince Ribbit (D:5)
  Grinder (D:6)
  A wyvern (D:8)
  Eustachio (D:6)
  Edmund (D:5)
  An acid dragon (D:7)
  2 water moccasins
  2 black bears (D:5)
  An orc warrior (D:7)
  2 ice beasts
  A sky beast (D:7)
  An ogre (D:4)
  A phantom (D:4)
  A kobold brigand (D:6)
  4 bullfrogs
  A necrophage (D:6)
  7 scorpions
  4 killer bees (D:8)
  A hound (D:6)
  2 orc priests
  A jelly (D:7)
  Ijyb (D:5)
  5 iguanas
  3 orc wizards
  8 adders
  6 gnolls (D:5)
  A white imp (D:7)
  2 worms (D:2)
  7 dart slugs
  25 orcs
  15 bats
  9 endoplasms
  5 giant cockroaches
  10 goblins
  11 hobgoblins
  A jackal (D:2)
  14 kobolds
  4 quokkas
  13 ball pythons
  3 frilled lizards
  7 rats
  2 butterflies (D:6)
190 creatures vanquished.

Vanquished Creatures (others)
  6 fungi (D:5)
6 creatures vanquished.

Grand Total: 196 creatures vanquished

Notes
Turn   | Place    | Note
-------+----------+-------------------------------------------
     0 | D:1      | pacmanke6689 the Formicid Fighter began the quest for the
                  | Orb.
     0 | D:1      | Reached XP level 1. HP: 18/18 MP: 1/1
   312 | D:1      | Reached XP level 2. HP: 24/24 MP: 2/2
   465 | D:1      | Reached XP level 3. HP: 29/29 MP: 3/3
   548 | D:1      | Found a faded altar of an unknown god.
  1524 | D:2      | Reached XP level 4. HP: 35/37 MP: 4/4
  1677 | D:2      | Reached skill level 3 in Axes
  2243 | D:2      | Found the +8 arc blade {discharge, rElec}
  2534 | D:3      | Found a sparkling altar of Nemelex Xobeh.
  2625 | D:3      | Reached XP level 5. HP: 42/42 MP: 5/5
  2788 | D:3      | Found a basalt altar of Yredelemnul.
  2921 | D:3      | Found a snail-covered altar of Cheibriados.
  3364 | D:4      | Reached skill level 4 in Axes
  3438 | D:4      | Noticed an ogre
  3448 | D:4      | Killed an ogre
  3449 | D:4      | Reached skill level 5 in Shields
  3449 | D:4      | Reached XP level 6. HP: 27/48 MP: 6/6
  3719 | D:4      | Reached skill level 5 in Axes
  3767 | D:4      | Reached XP level 7. HP: 37/54 MP: 7/7
  3827 | D:5      | Entered Level 5 of the Dungeon
  3861 | D:5      | Noticed Ijyb
  3866 | D:5      | Killed Ijyb
  3875 | D:5      | Found a stormy altar of Qazlal.
  3875 | D:5      | Noticed Edmund
  3885 | D:5      | Killed Edmund
  3886 | D:5      | Reached skill level 6 in Axes
  3935 | D:5      | Reached skill level 5 in Armour
  3935 | D:5      | Reached XP level 8. HP: 53/61 MP: 8/8
  4024 | D:5      | Reached skill level 5 in Fighting
  4024 | D:5      | Reached skill level 7 in Axes
  4187 | D:5      | Noticed Prince Ribbit
  4202 | D:5      | Killed Prince Ribbit
  4305 | D:5      | Found Surroum's Serpentskin Sales.
  4314 | D:5      | Reached skill level 8 in Axes
  4314 | D:5      | Reached XP level 9. HP: 68/68 MP: 9/9
  4320 | D:5      | Bought the Incunable of Contamination for 286 gold pieces
  4322 | D:5      | Learned a level 1 spell: Sting
  4715 | D:6      | Found a staircase to the Ecumenical Temple.
  4731 | Temple   | Entered the Ecumenical Temple
  4962 | Temple   | Became a worshipper of Hepliaklqana the Forgotten
  5089 | D:6      | Reached skill level 1 in Spellcasting
  5175 | D:6      | Reached skill level 1 in Poison Magic
  5202 | D:6      | Reached skill level 9 in Axes
  5202 | D:6      | Reached skill level 1 in Stealth
  5256 | D:6      | Noticed Maggie
  5274 | D:6      | Killed Maggie
  5348 | D:6      | Noticed Grinder
  5361 | D:6      | Killed Grinder
  5362 | D:6      | Reached skill level 1 in Transmutations
  5415 | D:6      | Noticed Eustachio
  5425 | D:6      | Killed Eustachio
  5598 | D:7      | Found Epreil's General Store.
  5726 | D:7      | Reached XP level 10. HP: 50/77 MP: 11/13
  5853 | D:7      | Reached skill level 10 in Axes
  6331 | D:7      | Found a bloodstained altar of Trog.
  6331 | D:7      | Reached * piety under Hepliaklqana
  6643 | D:8      | HP: 1/71 [acid dragon (3)]
  6645 | D:8      | Killed from afar by an acid dragon

Illustrated notes

Levels and vault maps discovered:
D:1:      wander_arrival_lonely_grave, layout_basic,
          hellmonk_ecumenical_altar_leap_of_faith
D:2:      layout_basic, minmay_hedge_maze, minmay_unequal
D:3:      minmay_general_purpose_star, layout_basic, nemelex_altar_shiori,
          amcnicky_altar_gilded, mainiacjoe_overflow_boulevard
D:4:      cheibrodos_quashed, layout_rooms, st_stairs_2
D:5:      old_forge, layout_rooms, mainiacjoe_overflow_24_doors,
          guppyfry_shop_venom, uniq_edmund, uniq_prince_ribbit1, uniq_ijyb
D:6:      layout_rooms, minmay_temple_entry_butterflies, uniq_grinder,
          uniq_maggie, uniq_eustachio
D:7:      layout_loops_ring, mainiacjoe_overflow_alcove_4, serial_shops,
          nicolae_stop_n_shop_2
D:8:      kennysheep_blocky_room, layout_layer_cave,
          mainiacjoe_overflow_alcove_1, kennysheep_mini, serial_shops,
          shop_fountains
Temple:   dpeg_chambers_temple

Skill      XL: |  1  2  3  4  5  6  7  8  9 10 |
---------------+-------------------------------+-----
Axes           | 3 4 5 6 8 9 10 | 10.5
Armour         | 4 5 6 |  6.4
Fighting       | 4 5 6 7 |  7.2
Shields        | 5 6 7 |  7.4
Spellcasting   | 2 |  2.1
Poison Magic   | 1 2 |  2.0
Stealth        | 1 2 |  2.7
Transmutations | 1 |  1.1

Action                   |  1- 3 |  4- 6 |  7- 9 | 10-12 || total
-------------------------+-------+-------+-------+-------++-------
Melee: War axe           |    67 |   171 |   163 |       ||   401
       Broad axe         |       |       |    25 |    88 ||   113
 Cast: Sting             |       |       |     8 |       ||     8
  Use: Scroll            |       |     3 |     9 |     3 ||    15
       Potion            |       |     1 |     1 |     6 ||     8
Armor: Scale mail        |    28 |    23 |       |       ||    51
       Ring mail         |       |    53 |    54 |       ||   107
       Steam dragon scal |       |       |     8 |    25 ||    33
Dodge: Dodged            |    20 |    68 |   103 |    40 ||   231
Block: Buckler           |    19 |    50 |    56 |    15 ||   140
